 Dungeon Crawl Stone Soup version 0.16-a0-3807-g3748f16 (console) character file.

3536 MrRokkomies the Basher (level 10, -3/111 HPs)
             Began as an Ogre Skald on Jan 27, 2015.
             Was a Believer of Dithmenos.
             Slain by an orc warrior
             ... wielding a +0 battleaxe
              (22 damage)
             ... on level 7 of the Dungeon.
             The game lasted 00:40:58 (7195 turns).

MrRokkomies the Basher (Ogre Skald)                 Turns: 7195, Time: 00:40:58

Health: -3/111     AC:  4    Str: 19    XL:     10   Next: 8%
Magic:  17/17      EV: 12    Int: 11    God:    Dithmenos [**....]
Gold:   393        SH:  0    Dex: 12    Spells: 4 memorised, 4 levels left

rFire  . . .     SeeInvis .     a - +3 giant spiked club
rCold  + . .     Clarity  .     r - +0 robe {rC+}
rNeg   + . .     SustAb   .     (shield restricted)
rPois  .         Gourm    +     (helmet restricted)
rElec  .         Spirit   .     y - +0 cloak
rCorr  .         Warding  .     (gloves unavailable)
rMut   .         Stasis   .     (boots unavailable)
MR     +....                    A - amulet of the gourmand
Stlth  +.........               (no ring)
                                E - ring of positive energy

@: wreathed by umbra, somewhat resistant to hostile enchantments, very
unstealthy
A: unfitting armour, tough skin 1
a: Shadow Step, Renounce Religion


You were on level 7 of the Dungeon.
You worshipped Dithmenos.
Dithmenos was pleased with you.
You were not hungry.

You visited 2 branches of the dungeon, and saw 9 of its levels.

You collected 393 gold pieces.

Inventory:

Hand weapons
 a - a +3 giant spiked club (weapon)
 b - a +0 blowgun
Missiles
 o - 63 stones
 x - 13 poisoned needles
 C - a throwing net
 F - 2 javelins (quivered)
Armour
 r - a +0 robe of cold resistance (worn)
 y - a +0 cloak (worn)
Jewellery
 A - an amulet of the gourmand (around neck)
 E - a ring of positive energy (left hand)
Magical devices
 p - a wand of enslavement (11)
 u - a wand of frost (17)
 z - a wand of disintegration (10)
Scrolls
 s - a scroll of remove curse
 B - 2 scrolls of teleportation
 I - a scroll of magic mapping
Potions
 e - 5 potions of curing
 f - a potion of magic
 h - a potion of brilliance {unknown}
 i - a potion of cancellation {unknown}
 k - a potion of agility {unknown}
 m - a potion of heal wounds
 q - a potion of haste {unknown}
 v - a potion of might
 w - a potion of restore abilities {unknown}
Books
 c - a book of Battle

   Spells                             Type                      Level
   a - Infusion                       Charms                       1
   b - Shroud of Golubria             Charms/Translocation         2
   c - Song of Slaying                Charms                       2
   d - Spectral Weapon                Hexes/Charms                 3
   e - Regeneration                   Charms/Necromancy            3
 j - a book of Summonings

   Spells                             Type                      Level
   a - Abjuration                     Summoning                    3
   b - Recall                         Summoning/Translocation      3
   c - Shadow Creatures               Summoning                    5
   d - Summon Demon                   Summoning                    5
   e - Summon Forest                  Summoning/Translocation      5
   f - Monstrous Menagerie            Summoning                    6
 D - a book of Hinderance

   Spells                             Type                      Level
   a - Confusing Touch                Hexes                        2
   b - Confuse                        Hexes                        3
   c - Petrify                        Transmutation/Earth          4
   d - Metabolic Englaciation         Hexes/Ice                    5
   e - Summon Mana Viper              Hexes/Summoning              5
   f - Gell's Gravitas                Hexes/Translocation          6
 G - a book of Geomancy

   Spells                             Type                      Level
   a - Sandblast                      Earth                        1
   b - Stoneskin                      Transmutation/Earth          2
   c - Passwall                       Transmutation/Earth          3
   d - Stone Arrow                    Conjuration/Earth            3
   e - Petrify                        Transmutation/Earth          4
   f - Lee's Rapid Deconstruction     Earth                        5
Comestibles
 d - 2 meat rations
 g - a slice of pizza
 l - 11 bread rations
 n - 8 fruits
 t - 7 beef jerkies
 H - a chunk of flesh


   Skills:
 - Level 10.3 Fighting
 * Level 11.6 Maces & Flails
 - Level 0.7 Armour
 * Level 6.4 Dodging
 - Level 2.4 Spellcasting
 + Level 3.2 Charms


You had 4 spell levels left.
You knew the following spells:

 Your Spells              Type           Power        Failure   Level  Hunger
a - Infusion              Chrm           #.....       10%         1    ##.....
b - Shroud of Golubria    Chrm/Tloc      #.........   24%         2    ###....
c - Spectral Weapon       Hex/Chrm       #.......     47%         3    ####...
d - Regeneration          Chrm/Necr      #.........   47%         3    ####...


Dungeon Overview and Level Annotations

Branches:
Dungeon (8/15)             Temple (1/1) D:4
   Lair: D:8-11

Altars:
Dithmenos
Gozag
Nemelex Xobeh
Ru
Trog
Vehumet
Xom


Innate Abilities, Weirdness & Mutations

You are too large for most types of armour.
You have tough skin (AC +1).


Message History

You hit the orc warrior.
The orc warrior is heavily wounded.
The orc warrior looks more healthy.
The orc warrior barely misses you.
You hit the orc warrior.
The orc warrior is severely wounded.
The orc warrior hits you with a battleaxe!
* * * LOW HITPOINT WARNING * * *
Drink which item? (? for menu, Esc to quit)
You feel much better.
You closely miss the orc warrior.
The orc warrior is severely wounded.
The orc warrior hits you with a battleaxe.
* * * LOW HITPOINT WARNING * * *
You closely miss the orc warrior.
The orc warrior is severely wounded.
The orc warrior closely misses you.
You hit the orc warrior but do no damage.
The orc warrior is severely wounded.
The orc warrior hits you with a battleaxe!!
You die...

#≈≈≈≈... #≈≈≈≈...
#≈≈≈≈... ###
#≈...... #.#
#..####. #.#
#..#..#. #####
##.# #..#..'.
#..>#######..#
#..####.
#.#....@o....#
#.......
#...##.####..#
#♣.....♣ ##.###.#
#..# ♣.P.... #.#
#.# #..# ♣P...♣#
##.###.# #..#
♣♣.♣.##
##########...##.#
##>#####)♣P♣#.
#.....#....#.##.#
####...#♣♣♣#.
#.###.#.##...##.#
#...#####.
........#######.#
#...##....


You could see an orc warrior.

Vanquished Creatures
  A two-headed ogre (D:6)
  Eustachio (D:5)
  A hungry ghost (D:7)
  An ice beast (D:5)
  7 ogres
  2 orc warriors (D:7)
  5 centaurs
  3 big kobolds (D:7)
  A phantom (D:4)
  Sigmund (D:5)
  2 giant frogs
  A scorpion (D:6)
  A crimson imp (D:7)
  2 giant frog skeletons (D:4)
  2 jellies (D:6)
  4 orc priests
  3 hounds
  6 worker ants
  10 orc wizards
  3 gnoll shamans (D:7)
  An iguana (D:4)
  Ijyb (D:5)
  The ghost of Charly the Insei, a weakling GrMo (D:3)
  A worker ant zombie (D:6)
  11 adders
  10 gnolls (D:7)
  A white imp (D:5)
  3 shadow imps
  2 worms
  An adder skeleton (D:5)
  An adder zombie (D:8)
  3 giant geckos
  5 oozes
  32 orcs
  2 ball pythons
  A bat zombie (D:7)
  8 giant cockroaches
  14 goblins
  8 hobgoblins
  4 jackals (D:1)
  13 bats
  A giant gecko zombie (D:5)
  3 giant newts
  7 kobolds
  3 quokkas
  A quokka skeleton (D:4)
  A quokka zombie (D:6)
  8 rats
  2 butterflies (D:4)
  4 fungi (D:7)
  A plant (D:7)
211 creatures vanquished.

Notes
Turn   | Place    | Note
--------------------------------------------------------------
     0 | D:1      | MrRokkomies, the Ogre Skald, began the quest for the Orb.
     0 | D:1      | Reached XP level 1. HP: 22/22 MP: 3/3
   164 | D:1      | Reached skill level 1 in Dodging
   483 | D:1      | Reached skill level 3 in Maces & Flails
   483 | D:1      | Reached XP level 2. HP: 23/29 MP: 5/5
   489 | D:1      | Learned a level 2 spell: Shroud of Golubria
  1048 | D:1      | Reached XP level 3. HP: 31/37 MP: 3/6
  1150 | D:2      | Found a sacrificial altar of Ru.
  1198 | D:2      | Reached skill level 4 in Maces & Flails
  1415 | D:2      | Reached XP level 4. HP: 27/48 MP: 8/8
  1896 | D:2      | Found a sparkling altar of Nemelex Xobeh.
  2006 | D:3      | Found a bloodstained altar of Trog.
  2043 | D:3      | Reached XP level 5. HP: 43/55 MP: 6/9
  2072 | D:3      | Noticed a centaur
  2084 | D:3      | Killed a centaur
  2084 | D:3      | Reached skill level 5 in Fighting
  2084 | D:3      | Reached skill level 5 in Maces & Flails
  2337 | D:3      | Reached XP level 6. HP: 64/66 MP: 11/11
  2452 | D:3      | Noticed Charly's ghost (weakling GrMo)
  2466 | D:3      | Killed Charly's ghost
  2671 | D:4      | Reached skill level 6 in Maces & Flails
  3013 | D:4      | Found a staircase to the Ecumenical Temple.
  3083 | D:4      | Reached XP level 7. HP: 63/75 MP: 3/12
  3384 | D:4      | Reached skill level 7 in Maces & Flails
  3661 | D:4      | Reached XP level 8. HP: 86/88 MP: 7/14
  3831 | Temple   | Entered the Ecumenical Temple
  3843 | Temple   | Became a worshipper of Dithmenos the Shadowed
  3974 | D:5      | Entered Level 5 of the Dungeon
  4021 | D:5      | Reached skill level 8 in Fighting
  4128 | D:5      | Learned a level 3 spell: Spectral Weapon
  4132 | D:5      | Learned a level 3 spell: Regeneration
  4490 | D:5      | Noticed Eustachio
  4501 | D:5      | Killed Eustachio
  4501 | D:5      | Reached skill level 9 in Fighting
  4546 | D:5      | Noticed Sigmund
  4550 | D:5      | Killed Sigmund
  4607 | D:5      | Noticed Ijyb
  4617 | D:5      | Killed Ijyb
  5218 | D:6      | Reached XP level 9. HP: 100/100 MP: 15/15
  5469 | D:6      | Noticed a two-headed ogre
  5483 | D:6      | Killed a two-headed ogre
  5483 | D:6      | Reached skill level 10 in Fighting
  5483 | D:6      | Reached skill level 10 in Maces & Flails
  5903 | D:7      | Reached skill level 5 in Dodging
  6039 | D:7      | Acquired Dithmenos' first power
  6231 | D:7      | Reached skill level 11 in Maces & Flails
  6712 | D:7      | Reached XP level 10. HP: 106/111 MP: 17/17
  7191 | D:7      | HP: 4/111 [orc warrior/battleaxe (11)]
  7195 | D:7      | Slain by an orc warrior

Action                   |  1- 3 |  4- 6 |  7- 9 | 10-12 || total
-------------------------+-------+-------+-------+-------++-------
Melee: Mace              |   101 |   216 |   130 |       ||   447
       Giant spiked club |       |       |   213 |    41 ||   254
       Giant club        |       |       |    20 |       ||    20
 Fire: Blowgun           |       |       |     7 |     3 ||    10
Throw: Stone             |       |     6 |     9 |       ||    15
       Javelin           |       |       |       |     1 ||     1
 Cast: Shroud of Golubri |     1 |     9 |    11 |       ||    21
       Infusion          |       |     5 |     5 |       ||    10
  Use: Scroll            |     7 |     7 |     5 |       ||    19
       Potion            |       |     1 |     2 |     1 ||     4
 Stab: Sleeping          |     1 |       |     2 |       ||     3
  Eat: Chunk             |     2 |     6 |    14 |     2 ||    24
       Pizza             |       |       |       |     1 ||     1
